 Dungeon Crawl Stone Soup version 0.20-a0-2-g2b0e13a (webtiles) character file.

4518 JeffiDaFish the Basher (level 10, -10/66 HPs)
             Began as a Gargoyle Fighter on Oct 29, 2016.
             Was a Priest of Makhleb.
             Splashed by Erica's acid (17 damage)
             ... on level 8 of the Dungeon.
             The game lasted 00:24:05 (7187 turns).

JeffiDaFish the Basher (Gargoyle Fighter)           Turns: 7187, Time: 00:24:05

Health: -10/66     AC: 13    Str: 23      XL:     10   Next: 39%
Magic:  10/10      EV:  5    Int:  9      God:    Makhleb [***...]
Gold:   394        SH: 10    Dex:  8 (9)  Spells: 0 memorised, 9 levels left

rFire  . . .     SeeInvis .     r - +0 morningstar
rCold  . . .     Gourm    +     h - +0 plate armour
rNeg   + . .     Faith    .     c - +0 shield
rPois  ∞         Spirit   .     e - +2 helmet
rElec  +         Reflect  .     l - +2 cloak
rCorr  .         Harm     .     (no gloves)
MR     .....                    (no boots)
Stlth  ..........               p - amulet of the gourmand
                                (no ring)
                                (no ring)

@: corroded, slowed, very slow
A: negative energy resistance 1, electricity resistance, unbreathing,
petrification resistance, rot immunity, AC +7
a: Minor Destruction, Lesser Servant of Makhleb, Renounce Religion


You were on level 8 of the Dungeon.
You worshipped Makhleb.
Makhleb was most pleased with you.
You were completely stuffed.

You visited 1 branch of the dungeon, and saw 8 of its levels.

You collected 394 gold pieces.

Inventory:

Hand Weapons
 a - a +0 flail
 r - a +0 morningstar (weapon)
Armour
 c - a +0 shield (worn)
 e - a +2 helmet (worn)
 h - a +0 plate armour (worn)
 l - a +2 cloak (worn)
Jewellery
 p - an amulet of the gourmand (around neck)
 u - an uncursed ring of poison resistance
Wands
 n - a wand of lightning (5/15)
 o - a wand of lightning (5/15)
 v - a wand of confusion (20/48)
 w - a wand of lightning (6/15)
 x - a wand of flame (22/48)
 y - a wand of slowing (26/48)
 A - a wand of slowing (6/48)
Scrolls
 k - 4 scrolls of identify
 m - 3 scrolls of teleportation
 q - 5 scrolls of remove curse
 s - a scroll of recharging
Potions
 j - 4 potions of curing
Books
 z - a book of Callings

   Spells                             Type                      Level
   a - Summon Small Mammal            Summoning                    1
   b - Call Imp                       Summoning                    2
   c - Call Canine Familiar           Summoning                    3
   d - Summon Guardian Golem          Hexes/Summoning              3
   e - Summon Lightning Spire         Summoning/Air                4
   f - Summon Ice Beast               Ice/Summoning                4
Miscellaneous
 i - a phantom mirror
Comestibles
 b - 4 meat rations
 d - a royal jelly
 f - 7 bread rations
 g - a beef jerky
 t - a chunk of flesh


   Skills:
 - Level 9.1 Fighting
 - Level 11.1 Maces & Flails
 * Level 5.4 Armour
 - Level 0.5 Dodging
 - Level 0.5 Stealth
 - Level 6.2 Shields


You had 9 spell levels left.
You didn't know any spells.

Dungeon Overview and Level Annotations

Branches:
Dungeon (8/15)             Temple (0/1) D:5
   Lair: D:8-11

Altars:
Ashenzari
Dithmenos
Elyvilon
Fedhas
Gozag
Makhleb
Nemelex Xobeh
Qazlal
Sif Muna
Trog
The Shining One

Annotations:
D:8 Erica


Innate Abilities, Weirdness & Mutations

You are resistant to torment.
Your stone body is resilient. (AC +7)
You are immune to poison.
You resist negative energy. (rN+)
You are resistant to electric shocks. (rElec)
You can survive without breathing.
You are immune to petrification.
You are immune to rotting.


Message History

You feel as though you will be slow longer.
You hear some strange, mumbled words.
A bolt of poison appears from out of thin air!
The bolt of poison hits you! You resist.
You feel better. Something hits you. Something burns you.
No target in view!
You closely miss something. Something hits you. Something burns you.
You miss something. Something hits you but does no damage.
You closely miss something.
You hear a zap.
A bolt of acid appears from out of thin air!
The bolt of acid hits you! The acid corrodes you!
You are splashed with acid!
The acid burns!
* * * LOW HITPOINT WARNING * * *
You hear a zap.
A bolt of acid appears from out of thin air!
The bolt of acid hits you!
* * * LOW HITPOINT WARNING * * *
The acid corrodes you!
You are splashed with acid!
The acid burns!
You die...

###.# #.......##.
####.###
#.......##.
#......#
#.......##.
#.##.#.#
#........#.
#.##.#.#
#........#.
#.##...#
#........##
#.###..# .....#
#.###..# #...#
#..@{..# #...#
### #####.###
#...## ####.. #
#......# #.....
..##.# ##.
#...#.#.# #..###
#.##.#
......{.#.#...##
##..# #.##.##.#
.###
..###.≈##+##≈..#
..†.....##.#
#.#.##..≈.≈.≈...#
#.##.<.....###[#
#...#..#..##.#
#.###########.#
##.###.#..##.#


There were no monsters in sight!

Vanquished Creatures
  The ghost of moose the Cleaver, a novice HuWn of the Shining One (D:8)
  Pikel (D:4)
  A hippogriff (D:7)
  Sigmund (D:5)
  Menkaure (D:7)
  Duvessa (D:7)
  An ice beast (D:6)
  2 black bears (D:6)
  3 sky beasts
  An orc warrior (D:7)
  4 necrophages (D:7)
  A phantom (D:7)
  The ghost of ealer the Skirmisher, an amateur HOFi of Beogh (D:3)
  3 ogres
  Blork the orc (D:4)
  A bullfrog (D:8)
  Dowan (D:7)
  4 scorpions
  2 howler monkeys (D:5)
  A bullfrog zombie (D:5)
  3 crimson imps
  A quasit (D:8)
  A jelly (D:5)
  A bullfrog skeleton (D:6)
  2 hounds
  3 orc priests
  A gnoll shaman (D:5)
  Crazy Yiuf (D:2)
  Jessica (D:2)
  An iguana (D:5)
  6 orc wizards
  8 worker ants
  A killer bee zombie (D:7)
  A hound skeleton (D:7)
  A mummy (D:7)
  4 gnolls (D:4)
  6 adders
  A howler monkey skeleton (D:8)
  An adder skeleton (D:4)
  An adder zombie (D:6)
  4 worms
  3 dart slugs
  6 leopard geckos
  17 orcs
  4 bats
  5 giant cockroaches
  3 goblins
  6 hobgoblins
  11 jackals
  3 quokkas
  3 ball pythons
  8 frilled lizards
  6 kobolds
  A quokka skeleton (D:5)
  9 rats
  3 fungi (D:2)
169 creatures vanquished.

Vanquished Creatures (others)
  3 slaves (D:4)
  A worker ant (D:4)
  A leopard gecko (D:4)
5 creatures vanquished.

Grand Total: 174 creatures vanquished

Notes
Turn   | Place    | Note
-------+----------+-------------------------------------------
     0 | D:1      | JeffiDaFish the Gargoyle Fighter began the quest for the Orb.
     0 | D:1      | Reached XP level 1. HP: 14/14 MP: 1/1
   222 | D:1      | Reached XP level 2. HP: 19/19 MP: 2/2
  1030 | D:2      | Noticed Jessica
  1032 | D:2      | Reached XP level 3. HP: 23/23 MP: 3/3
  1037 | D:2      | Killed Jessica
  1084 | D:2      | Found a shattered altar of Ashenzari.
  1101 | D:2      | Reached XP level 4. HP: 20/28 MP: 4/4
  1660 | D:2      | Found a runed door.
  1664 | D:2      | Noticed Crazy Yiuf
  1677 | D:2      | Killed Crazy Yiuf
  1827 | D:3      | Reached skill level 3 in Maces & Flails
  1849 | D:3      | Found a glowing golden altar of the Shining One.
  1888 | D:3      | Noticed ealer's ghost (amateur HOFi)
  1906 | D:3      | Killed ealer's ghost
  1906 | D:3      | Reached XP level 5. HP: 7/33 MP: 5/5
  2218 | D:3      | Found a burning altar of Makhleb.
  2220 | D:3      | Found an opulent altar of Gozag.
  2220 | D:3      | Found a sparkling altar of Nemelex Xobeh.
  2255 | D:3      | Became a worshipper of Makhleb the Destroyer
  2457 | D:3      | Reached XP level 6. HP: 24/38 MP: 6/6
  2501 | D:3      | Reached skill level 5 in Shields
  2798 | D:3      | Found a bloodstained altar of Trog.
  2898 | D:4      | Reached skill level 4 in Maces & Flails
  2995 | D:4      | Noticed Blork the orc
  3022 | D:4      | Killed Blork the orc
  3022 | D:4      | Reached XP level 7. HP: 17/43 MP: 7/7
  3286 | D:4      | Noticed Pikel
  3314 | D:4      | Killed Pikel
  3314 | D:4      | Reached * piety under Makhleb
  3314 | D:4      | Reached skill level 6 in Maces & Flails
  3314 | D:4      | Reached skill level 5 in Armour
  3314 | D:4      | Reached XP level 8. HP: 22/48 MP: 8/8
  3486 | D:4      | Found a deep blue altar of Sif Muna.
  3507 | D:4      | Found a blossoming altar of Fedhas.
  3558 | D:4      | Reached skill level 5 in Fighting
  3926 | D:5      | Entered Level 5 of the Dungeon
  4261 | D:5      | Found a staircase to the Ecumenical Temple.
  4313 | D:5      | Noticed Sigmund
  4327 | D:5      | Killed Sigmund
  4373 | D:5      | Reached XP level 9. HP: 57/60 MP: 9/9
  4409 | D:5      | Reached ** piety under Makhleb
  4896 | D:6      | Found a bloodstained altar of Trog.
  4942 | D:6      | Reached skill level 7 in Maces & Flails
  5934 | D:7      | Reached skill level 8 in Maces & Flails
  6075 | D:7      | Got a crystal quarterstaff
  6081 | D:7      | Identified the +1 quarterstaff "Neyweri" {speed, -Tele +Fly Stlth+} (You found it on level 7 of the Dungeon)
  6177 | D:7      | Reached *** piety under Makhleb
  6177 | D:7      | Reached skill level 9 in Maces & Flails
  6256 | D:7      | Found a white marble altar of Elyvilon.
  6257 | D:7      | Noticed Menkaure
  6277 | D:7      | Killed Menkaure
  6277 | D:7      | Reached XP level 10. HP: 47/66 MP: 10/10
  6406 | D:7      | Found a shadowy altar of Dithmenos.
  6581 | D:7      | Found a stormy altar of Qazlal.
  6587 | D:7      | Noticed Duvessa
  6587 | D:7      | Noticed Dowan
  6596 | D:7      | Killed Duvessa
  6596 | D:7      | Reached skill level 10 in Maces & Flails
  6602 | D:7      | Killed Dowan
  7026 | D:8      | Noticed moose's ghost (novice HuWn)
  7044 | D:8      | Killed moose's ghost
  7044 | D:8      | Reached skill level 11 in Maces & Flails
  7173 | D:8      | Noticed Erica
  7187 | D:8      | Splashed by Erica's acid

Vault maps used:
D:1:      dpeg_arrival_lava_altar
D:2:      ashenzari_conservatory_becter, uniq_crazy_yiuf_cottage, uniq_jessica
D:3:      grunt_temple_overflow_opulence, bloody_makhleb,
          nicolae_tso_carved_into_rock, lemuel_coloured_pillars_altar
D:4:      kennysheep_little_box, minmay_ruined_shrine, uniq_blork_the_orc,
          uniq_pikel
D:5:      serial_glass, glass_columns_b, glass_columns_a, glass_columns_a,
          glass_columns_a, glass_columns_b, glass_columns_a, glass_columns_a,
          glass_columns_a, minmay_strange_pillars, first_bread,
          hangedman_minor_gate_pass, uniq_sigmund
D:6:      nicolae_overflow_hidden_temple, small_statue_intersection,
          grunt_ministairs_12, trog_ov_bears_minmay
D:7:      lemuel_doored_altar, elyvilon_altar_3, serial_undead, serial_undead_c,
          serial_undead_b, serial_undead_d, serial_undead_e,
          minmay_stone_trees_small, grunt_qazlal_clouds, uniq_duvessa,
          uniq_menkaure
D:8:      hangedman_little_slice_of_home, uniq_erica

Skill      XL: |  1  2  3  4  5  6  7  8  9 10 |
---------------+-------------------------------+-----
Shields        | 4 5 6 |  6.2
Armour         | 4 5 |  5.4
Maces & Flails | 3 4 6 9 11 | 11.1
Fighting       | 4 8 9 |  9.1
Dodging        | |  0.5
Stealth        | |  0.5

Action                   |  1- 3 |  4- 6 |  7- 9 | 10-12 || total
-------------------------+-------+-------+-------+-------++-------
Melee: Flail             |   114 |   243 |   242 |       ||   599
       Morningstar       |       |       |   246 |   152 ||   398
  Use: Scroll            |     5 |     2 |     5 |     5 ||    17
       Potion            |     2 |       |     5 |     1 ||     8
  Eat: Chunk             |     1 |     6 |    19 |     3 ||    29
       Meat ration       |       |       |     1 |       ||     1
Armor: Scale mail        |    17 |       |       |       ||    17
       Chain mail        |    69 |    41 |       |       ||   110
       Plate armour      |       |    96 |   331 |   157 ||   584
Dodge: Dodged            |    35 |    45 |    98 |    56 ||   234
Block: Shield            |    77 |    82 |   249 |    19 ||   427
